 Dungeon Crawl Stone Soup version 0.24-a0-201-gf205589 (webtiles) character file.

Game seed: 15535489761809660419

63 Ivan the Skirmisher (level 3, 0/34 HPs)
             Began as a Minotaur Abyssal Knight on Mar 24, 2019.
             Was an Initiate of Lugonu.
             Slain by an adder (3 damage)
             ... on level 2 of the Dungeon.
             The game lasted 00:02:58 (1031 turns).

Ivan the Skirmisher (Minotaur Abyssal Knight)       Turns: 1031, Time: 00:03:00

Health: 0/34       AC:  4    Str: 17    XL:     3   Next: 87%
Magic:  3/3        EV: 11    Int:  9    God:    Lugonu [......]
Gold:   42         SH:  0    Dex:  9    Spells: 2/2 levels left

rFire    . . .     SeeInvis .   a - +1 mace
rCold    . . .     Gourm    .   (no shield)
rNeg     . . .     Faith    .   b - +0 leather armour
rPois    .         Spirit   .   (helmet restricted)
rElec    .         Reflect  .   (no cloak)
rCorr    .         Harm     .   h - +0 pair of gloves
MR       .....                  (no boots)
Stlth    +.........             (no amulet)
HPRegen  0.11/turn              (no ring)
MPRegen  0.08/turn              (no ring)

@: lethally poisoned (0 -> -5)
A: retaliatory headbutt, horns 2
a: Renounce Religion


You were on level 2 of the Dungeon.
You worshipped Lugonu.
Lugonu was noncommittal.
You were not hungry.

You visited 1 branch of the dungeon, and saw 2 of its levels.
You visited the Abyss 1 time.

You collected 42 gold pieces.

Inventory:

Hand Weapons
 a - a +1 mace (weapon)
Armour
 b - a +0 leather armour (worn)
 h - a +0 pair of gloves (worn)
Scrolls
 e - a scroll of amnesia {unknown}
 g - a scroll of remove curse {unknown}
 j - 2 scrolls of fear {unknown}
Potions
 d - a potion of haste {unknown}
 f - a potion of cancellation {unknown}
 i - a potion of berserk rage {unknown}
 k - a potion of curing {unknown}
Comestibles
 c - 2 rations


   Skills:
 + Level 4.6 Fighting
 + Level 3.6 Maces & Flails
 + Level 3.0 Armour
 + Level 1.2 Dodging
 + Level 1.9 Invocations


You had 2 spell levels left.
You didn't know any spells.
Your spell library was empty.

Dungeon Overview and Level Annotations

Branches:
Dungeon (2/15)

Altars:


Innate Abilities, Weirdness & Mutations

You reflexively headbutt those who attack you in melee.
You have a pair of horns on your head.


Message History

You hit the adder.
The adder is lightly wounded.
The adder barely misses you.
You barely miss the adder.
The adder is lightly wounded.
The adder closely misses you. The adder bites you.
* * * LOW HITPOINT WARNING * * *
You barely miss the adder. Your headbutt misses the adder.
The adder is lightly wounded.
The adder bites you.
* * * LOW HITPOINT WARNING * * *
You are poisoned.
The adder poisons you!
You hit the adder.
The adder is moderately wounded.
You feel sick. The adder bites you.
* * * LOW HITPOINT WARNING * * *
You are lethally poisoned!
The adder poisons you! The adder bites you.
You die...

##.###.##
########.##
##.# #(<......#
#.# ####..##.##
##.#
#........###.##
###..####...##
#<.#####.####
............#
#..#####..##@#
#..# #..##S#
#..( .....#.#
##..^...#
##...#.#
##.##[# #. #.#
#.#


You could see an adder.

Vanquished Creatures
  Terence (D:2)
  A gnoll (D:1)
  A worm (D:2)
  2 dart slugs (D:1)
  A giant cockroach (D:1)
  A goblin (D:1)
  2 jackals (D:1)
  4 kobolds (D:1)
  6 bats (D:1)
  2 frilled lizards (D:1)
  3 rats (D:1)
24 creatures vanquished.

Notes
Turn   | Place    | Note
-------+----------+-------------------------------------------
     0 | Abyss:1  | Ivan the Minotaur Abyssal Knight began the quest for the
                  | Orb.
     0 | Abyss:1  | Reached XP level 1. HP: 19/19 MP: 1/1
   105 | D:1      | Escaped the Abyss
   293 | D:1      | Reached skill level 4 in Fighting
   293 | D:1      | Reached XP level 2. HP: 19/27 MP: 2/2
   542 | D:1      | Reached XP level 3. HP: 21/33 MP: 3/3
  1019 | D:2      | Noticed Terence
  1026 | D:2      | Killed Terence
  1031 | D:2      | Slain by an adder

Levels and vault maps discovered:
D:1:      minmay_arrival_cross, layout_basic, wad_floor_pattern_2,
          glass_columns_b
D:2:      kb_forest_paths, layout_loops_ring, lemuel_crystal_altar,
          lightli_temple_of_fire, okawaru_gym_becter,
          hangedman_abyss_or_decor_stabs, uniq_terence
Abyss:1

Skill      XL: |  1  2  3 |
---------------+----------+-----
Fighting       | 4 |  4.6
Maces & Flails | 3 |  3.6
Armour         | 3 |  3.0
Dodging        | |  1.2
Invocations    | |  1.9

Action                   || total
-------------------------++-------
Melee: Mace              ||    54
       Headbutt          ||     5
Invok: Depart the Abyss  ||     1
Armor: Leather armour    ||    22
Dodge: Dodged            ||    36

Table legend:
 A = Non-vault XP
 B = Vault XP
 C = Vault XP percentage of total XP
 D = Non-vault monster count
 E = Vault monster count
 F = Vault count percentage of total count
                 A         B        C        D         E       F
            +---------+---------+-------+---------+---------+-------
      Total |      58 |      32 |  35.6 |      23 |       1 |   4.2
            +---------+---------+-------+---------+---------+-------
        D:1 |      53 |       0 |   0.0 |      22 |       0 |   0.0
        D:2 |       5 |      32 |  86.5 |       1 |       1 |  50.0
            +---------+---------+-------+---------+---------+-------
